 Dungeon Crawl Stone Soup version 0.24.0-125-gc4c63601f3 (webtiles) character file.

Game seed: 12396478998567918043, levelgen mode: deterministic

931819 Johnny the Sorcerer (level 27, -11/260 HPs)
             Began as a Demigod Earth Elementalist on Feb 23, 2020.
             Mangled by Vaujorru the pandemonium lord (27 damage)
             ... in Pandemonium.
             The game lasted 03:08:05 (69121 turns).

Johnny the Sorcerer (Demigod Earth Elementalist)   Turns: 69121, Time: 03:08:06

Health: -11/260    AC: 33    Str: 17    XL:     27
Magic:  63/70      EV: 21    Int: 56    God:
Gold:   4218       SH:  7    Dex: 11    Spells: 2/78 levels left

rFire    + + +     SeeInvis +   s - staff of earth
rCold    + . .     Gourm    .   l - +0 buckler of Fortitude {*Corrode Str-4 Int+7 Dex+2}
rNeg     + . .     Faith    .   K - +6 chain mail "Ragylem" {rPois rF+++ Regen+ Dex-2}
rPois    +         Spirit   .   w - +3 hat of Pondering {ponderous, MR+ MP+10 Int+5}
rElec    +         Reflect  .   r - +1 cloak of Starlight {rElec rC+ EV+4 Stlth--}
rCorr    .         Harm     +   t - +2 pair of gloves {Str+3}
MR       ++++.                  Y - +2 pair of boots "Nerghol" {rF+ MR+ Regen+}
Stlth    ..........             v - amulet of Dishonour {Harm *Drain +Blink Str+5 Slay+6}
HPRegen  1.33/turn              J - ring "Uceluuw" {rN+ EV+5 SInv}
MPRegen  0.42/turn              u - ring of Usyqaaqa {Int+7 Dex-5 Stlth+}

@: lethally poisoned (-11 -> -13), corroded, slow
A: yellow scales 1, fire resistance 2, high mp 1, mutation resistance 1, shaggy
fur 1, strong 1
}: 4/15 runes: serpentine, barnacled, slimy, silver
a: Evoke Blink


You were in Pandemonium.
You were not hungry.

You visited 9 branches of the dungeon, and saw 49 of its levels.
You visited Pandemonium 2 times, and saw 3 of its levels.
You completed 1 ziggurat, and saw 27 of its levels.
You also visited: Sewer, Bailey, Ice Cave and Wizlab.

You collected 14231 gold pieces.
You spent 10013 gold pieces at shops.

Inventory:

Missiles
 b - 1123 stones (quivered)
Armour
 l - the +0 buckler of Fortitude (worn) {*Corrode Str-4 Int+7 Dex+2}
   (You acquired it on level 26 of a ziggurat)

   It affects your strength (-4).
   It affects your intelligence (+7).
   It affects your dexterity (+2).
   It may corrode you when you take damage.
 r - the +1 cloak of Starlight (worn) {rElec rC+ EV+4 Stlth--}
   (You found it on level 17 of a ziggurat)

   It affects your evasion (+4).
   It protects you from cold.
   It insulates you from electricity.
   It makes you much less stealthy.
 t - a +2 pair of gloves of strength (worn)
 w - the +3 hat of Pondering (worn) {ponderous, MR+ MP+10 Int+5}
   (You bought it in a shop on level 14 of the Dungeon)

   It affects your intelligence (+5).
   It affects your resistance to hostile enchantments.
   It affects your magic capacity (+10).
 K - the +6 chain mail "Ragylem" (worn) {rPois rF+++ Regen+ Dex-2}
   (You bought it in a shop on level 14 of the Dungeon)

   It affects your dexterity (-2).
   It renders you almost immune to fire.
   It protects you from poison.
   It increases your rate of regeneration.
 Y - the +2 pair of boots "Nerghol" (worn) {rF+ MR+ Regen+}
   (You found it on level 17 of a ziggurat)

   It protects you from fire.
   It affects your resistance to hostile enchantments.
   It increases your rate of regeneration.
Magical Staves
 s - an uncursed staff of earth (weapon)
Jewellery
 u - the ring of Usyqaaqa (right hand) {Int+7 Dex-5 Stlth+}
   (You took it off a merfolk siren on level 4 of the Shoals)

   [ring of dexterity]

   It affects your intelligence (+7).
   It affects your dexterity (-5).
   It makes you more stealthy.
 v - the amulet of Dishonour (around neck) {Harm *Drain +Blink Str+5 Slay+6}
   (You bought it in a shop on level 2 of the Orcish Mines)

   [amulet of harm]

   It increases damage dealt and taken.
   It affects your strength (+5).
   It affects your accuracy and damage with ranged weapons and melee attacks
   (+6).
   It lets you blink.
   It causes draining when unequipped.
 J - the ring "Uceluuw" (left hand) {rN+ EV+5 SInv}
   (You bought it in a shop on level 11 of the Dungeon)

   [ring of evasion]

   It affects your evasion (+5).
   It protects you from negative energy.
   It lets you see invisible.
Wands
 o - a wand of digging (20)
 Q - a wand of acid (2)
 T - a wand of clouds (6)
Scrolls
 a - 14 scrolls of magic mapping
 e - 8 scrolls of fear
 g - 5 scrolls of summoning
 j - 20 scrolls of fog
 k - 14 scrolls of remove curse
 n - 5 scrolls of immolation
 q - 52 scrolls of teleportation
 D - 4 scrolls of vulnerability
 H - 5 scrolls of blinking
 U - 7 scrolls of enchant armour
 Z - 8 scrolls of holy word
Potions
 h - 31 potions of curing
 i - 2 potions of ambrosia
 x - 14 potions of flight
 z - 5 potions of magic
 A - 11 potions of might
 B - 6 potions of berserk rage
 C - 7 potions of cancellation
 F - 31 potions of mutation
 I - 7 potions of brilliance
 L - 5 potions of haste
 N - 2 potions of resistance
 O - 8 potions of invisibility
 V - 3 potions of agility
 W - 8 potions of lignification
 X - 25 potions of heal wounds
Miscellaneous
 f - a phial of floods
 p - a lightning rod (4/4)
 G - 7 sacks of spiders
 P - 5 phantom mirrors
 R - 8 boxes of beasts
Comestibles
 d - 40 rations


   Skills:
 + Level 23.6 Fighting
 + Level 18.8 Armour
 + Level 9.5 Dodging
 - Level 1.7 Stealth
 - Level 14.2 Shields
 + Level 26.4 Spellcasting
 + Level 3.2 Conjurations
 - Level 12.0 Charms
 + Level 10.3 Necromancy
 + Level 19.7 Translocations
 - Level 0.8 Transmutations
 - Level 26.0 Earth Magic


You had 2 spell levels left.
You knew the following spells:

 Your Spells              Type           Power        Failure   Level  Hunger
a - Sandblast             Erth           ######       0%          1    None
b - Stone Arrow           Conj/Erth      ######       0%          3    None
c - Lee's Rapid Deconstr  Erth           #########.   0%          5    None
d - Petrify               Tmut/Erth      ########     1%          4    None
e - Passwall              Tmut/Erth      ########     0%          2    None
f - Shatter               Erth           #########.   1%          9    None
g - Sublimation of Blood  Necr           ########..   0%          2    None
h - Lehudib's Crystal Sp  Conj/Erth      #########.   10%         8    None
i - Regeneration          Chrm/Necr      ########..   1%          3    None
j - Deflect Missiles      Chrm/Air       #######...   8%          6    None
k - Controlled Blink      Tloc           N/A          1%          8    None
l - Borgnjor's Vile Clut  Necr/Erth      #########.   0%          5    None
m - Blink                 Tloc           N/A          0%          2    None
n - Shroud of Golubria    Chrm/Tloc      ######       0%          2    None
o - Iron Shot             Conj/Erth      #########.   1%          6    None
p - Summon Butterflies    Summ           ######..     1%          1    None
q - Aura of Abjuration    Summ           ######....   16%         5    None
r - Leda's Liquefaction   Hex/Erth       ########..   1%          4    None

Your spell library contained the following spells:

 Spells                   Type           Power        Failure   Level  Hunger
 Animate Skeleton         Necr           N/A          0%          1    None
 Apportation              Tloc           ######       0%          1    None
 Infusion                 Chrm           ####         0%          1    None
 Pain                     Necr           ####         0%          1    None
 Corpse Rot               Necr           N/A          0%          2    None
 Song of Slaying          Chrm           ########     0%          2    None
 Beastly Appendage        Tmut           ######       1%          1    None
 Confusing Touch          Hex            ######       1%          1    None
 Corona                   Hex            ######.      1%          1    None
 Flame Tongue             Conj/Fire      #####        1%          1    None
 Freeze                   Ice            ####         1%          1    None
 Magic Dart               Conj           ####         1%          1    None
 Shock                    Conj/Air       ####         1%          1    None
 Sting                    Conj/Pois      ####         1%          1    None
 Summon Small Mammal      Summ           ####         1%          1    None
 Call Imp                 Summ           ######..     1%          2    None
 Ensorcelled Hibernation  Hex/Ice        ######       1%          2    None
 Poisonous Vapours        Pois/Air       ######       1%          2    None
 Searing Ray              Conj           ######       1%          2    None
 Slow                     Hex            ######..     1%          2    None
 Sticks to Snakes         Tmut           ######..     1%          2    None
 Swiftness                Chrm/Air       #######.     1%          2    None
 Throw Flame              Conj/Fire      ######       1%          2    None
 Throw Frost              Conj/Ice       ######       1%          2    None
 Gell's Gravitas          Tloc           ########..   0%          3    None
 Lesser Beckoning         Tloc           ########..   0%          3    None
 Teleport Other           Tloc           ########     0%          3    None
 Passage of Golubria      Tloc           N/A          0%          4    None
 Call Canine Familiar     Summ           ######..     1%          3    None
 Confuse                  Hex            ######..     1%          3    None
 Conjure Flame            Conj/Fire      #######.     1%          3    None
 Dazzling Spray           Conj/Hex       ######       1%          3    None
 Ignite Poison            Fire/Tmut/Pois ######..     1%          3    None
 Inner Flame              Hex/Fire       ######..     1%          3    None
 Mephitic Cloud           Conj/Pois/Air  ######..     1%          3    None
 Ozocubu's Armour         Chrm/Ice       #######.     1%          3    None
 Portal Projectile        Hex/Tloc       ######       1%          3    None
 Recall                   Summ/Tloc      N/A          1%          3    None
 Spectral Weapon          Hex/Chrm       #######.     1%          3    None
 Spider Form              Tmut/Pois      ######....   1%          3    None
 Static Discharge         Conj/Air       #######.     1%          3    None
 Summon Guardian Golem    Hex/Summ       ######..     1%          3    None
 Tukima's Dance           Hex            ######..     1%          3    None
 Vampiric Draining        Necr           ########..   1%          3    None
 Animate Dead             Necr           N/A          1%          4    None
 Force Lance              Conj/Tloc      ########     1%          4    None
 Iskenderun's Mystic Bla  Conj           #######.     1%          4    None
 Agony                    Necr           ########     1%          5    None
 Bolt of Draining         Conj/Necr      ########..   1%          5    None
 Bolt of Magma            Conj/Fire/Erth ########..   1%          5    None
 Dispel Undead            Necr           ########     1%          5    None
 Excruciating Wounds      Chrm/Necr      ########..   1%          5    None
 Iskenderun's Battlesphe  Conj/Chrm      ########     1%          5    None
 Summon Forest            Summ/Tloc      ########..   1%          5    None
 Death Channel            Necr           ########..   1%          6    None
 Dispersal                Tloc           ########..   1%          6    None
 Statue Form              Tmut/Erth      ########.    1%          6    None
 Disjunction              Tloc           ########..   1%          8    None
 Fulminant Prism          Conj/Hex       #######...   3%          4    None
 Sticky Flame             Conj/Fire      #######.     3%          4    None
 Throw Icicle             Conj/Ice       #######.     3%          4    None
 Ice Form                 Ice/Tmut       ######..     4%          4    None
 Airstrike                Air            ######....   6%          4    None
 Cause Fear               Hex            ######....   6%          4    None
 Olgreb's Toxic Radiance  Pois           ######..     6%          4    None
 Summon Ice Beast         Ice/Summ       ######..     6%          4    None
 Summon Lightning Spire   Summ/Air       ######..     6%          4    None
 Irradiate                Conj/Tmut      #######...   7%          5    None
 Fireball                 Conj/Fire      #######...   9%          5    None
 Lightning Bolt           Conj/Air       #######...   9%          5    None
 Venom Bolt               Conj/Pois      #######...   9%          5    None
 Malign Gateway           Summ/Tloc      ########..   9%          7    None
 Simulacrum               Ice/Necr       #######...   11%         6    None
 Blade Hands              Tmut           ######....   12%         5    None
 Alistair's Intoxication  Tmut/Pois      ######..     14%         5    None
 Yara's Violent Unravell  Hex/Tmut       ######....   14%         5    None
 Metabolic Englaciation   Hex/Ice        ######....   16%         5    None
 Silence                  Hex/Air        ######....   16%         5    None
 Summon Demon             Summ           ######....   16%         5    None
 Summon Mana Viper        Hex/Summ       ######..     16%         5    None
 Death's Door             Chrm/Necr      ########..   36%         8    None
 Ring of Flames           Chrm/Fire      #######...   38%         7    None
 Bolt of Cold             Conj/Ice       #######...   43%         6    None
 Bolt of Fire             Conj/Fire      #######...   43%         6    None
 Conjure Ball Lightning   Conj/Air       #######...   43%         6    None
 Poison Arrow             Conj/Pois      #######...   43%         6    None
 Freezing Cloud           Conj/Ice/Air   ######....   50%         6    None
 Borgnjor's Revivificati  Necr           ########..   50%         8    None
 Infestation              Necr           ########..   50%         8    None
 Haunt                    Necr/Summ      #######...   52%         7    None
 Hydra Form               Tmut           ######....   54%         6    None
 Darkness                 Hex            ######....   65%         6    None
 Invisibility             Hex            ######..     65%         6    None
 Ozocubu's Refrigeration  Ice            ######....   65%         6    None
 Shadow Creatures         Summ           N/A          65%         6    None
 Orb of Destruction       Conj           #######...   78%         7    None
 Spellforged Servitor     Conj/Summ      #######...   95%         7    None
 Dragon Form              Tmut           ######....   98%         7    None
 Necromutation            Tmut/Necr      #######...   98%         8    None
 Summon Hydra             Summ           ######....   99%         7    None
 Chain Lightning          Conj/Air       #######...   100%        8    None
 Discord                  Hex            ######....   100%        8    None
 Ignition                 Fire           ######....   100%        8    None
 Fire Storm               Conj/Fire      #######...   100%        9    None
 Glaciate                 Conj/Ice       #######...   100%        9    None
 Tornado                  Air            ######....   100%        9    None


Dungeon Overview and Level Annotations

Branches:
Dungeon (15/15)            Temple (0/1) D:5            Lair (6/6) D:11
 Shoals (4/4) Lair:4        Snake (4/4) Lair:3        Slime (5/5) Lair:5
    Orc (2/2) D:12            Elf (3/3) Orc:2        Vaults (5/5) D:14
  Crypt (0/3) Vaults:2     Depths (5/5) D:15            Zot (0/5) Depths:5
  Sewer (visited)          Bailey (visited)           IceCv (visited)
 WizLab (visited)

Shops:
D:5 *   D:6 [   D:11 =   D:13 ?   D:14 [   Orc:2 =(?[*   Elf:2 :   Shoals:2 (
Shoals:4 *   Vaults:2 =   Vaults:5 *   Depths:5 [

Portals:
Hell: Depths:1 Depths:2 Depths:3 Depths:4 Depths:5
Abyss: Depths:1 Depths:2 Depths:4
Pandemonium: Depths:3 Depths:5

Annotations:
D:13 3 runed translucent doors
Lair:5 1 transporter
Snake:1 2 transporters
Orc:1 2 transporters, brucemayne's ghost, journeyman HOMo


Innate Abilities, Weirdness & Mutations

You have an increased reservoir of magic. (+10% MP)
You are partially covered in yellow scales. (AC +2)
Your flesh is very heat resistant. (rF++)
You are somewhat resistant to further mutation.
You are covered in fur. (AC +1)
Your muscles are strong. (Str +2)


Message History

The soul eater is severely wounded.
You kill the tormentor!
You destroy the large abomination!
Ka-crash!
You feel sick.
You hear a shout!
Vaujorru hits you!!
The soul eater hits you but does no damage.
Unknown command.
Unknown command.
Casting: Shatter (safe; 1% risk of failure)
Confirm with . or Enter, or press ? or * to list all spells.
You don't have enough magic to cast that spell.
Unknown command.
Casting: Shatter (safe; 1% risk of failure)
Confirm with . or Enter, or press ? or * to list all spells.
You draw magical energy from your own body!
You feel sick. Vaujorru hits you!!
* * * LOW HITPOINT WARNING * * *
Your corrosive artefact corrodes you!
Vaujorru hits you!!
You die...

................#.## ..
#...............#...#...
......##......#...#.....
.....##......#..........
#....#..#........#......
..)..............))....#
.......).[...)...)......
........................
................@3......
........)........&......
.................#....∩.
........................
.......?................
.......................#
###.#.##............%#..
###.....###.#.. ...


You could see Vaujorru and a soul eater.

Vanquished Creatures
  the Royal Jelly (Slime:5)
  10 juggernauts (Zig:21)
  14 ancient liches
  3 Killer Klowns (Zig:10)
  Frederick (Vaults:3)
  Bai Suzhen (Snake:3)
  35 golden dragons
  Nikola (Shoals:1)
  3 pandemonium lords
  3 bone dragons
  A mutant beast (WizLab)
  A Tzitzimitl (Zig:13)
  3 iron giants
  An iron giant (shapeshifter) (Depths:2)
  9 electric golems
  3 Brimstone Fiends
  10 tentacled monstrosities
  An Ice Fiend (Pan)
  11 liches
  4 Hell Sentinels
  29 titans
  2 deep elf blademasters
  7 quicksilver dragons
  2 deep elf master archers (Elf:3)
  21 acid blobs
  3 tentacled starspawn
  9 sphinxes
  The ghost of Amplified the Bludgeoner, an adept MiEE of Okawaru (Elf:1)
  4 draconian monks (Zig:25)
  11 shadow dragons
  4 ancient champions (Zig:20)
  38 nagarajas
  15 storm dragons
  4 warmongers
  2 storm dragons (shapeshifter) (Depths:2)
  A fire giant (shapeshifter) (Zig:10)
  16 tengu reavers
  3 azure jellies (shapeshifter)
  14 azure jellies
  Aizul (Snake:3)
  5 blood saints (Pan)
  3 balrugs
  A revenant (Zig:20)
  8 orc warlords
  12 fire giants
  An iron dragon (Depths:2)
  10 draconian scorchers
  12 ghost moths
  24 frost giants
  9 deep elf sorcerers
  8 draconian knights
  3 cacodemons (Pan)
  26 vault wardens
  4 deep elf elementalists
  3 curse skulls (Zig:20)
  5 emperor scorpions
  11 draconian annihilators
  A juggernaut zombie (Depths:4)
  6 draconian shifters
  9 draconian stormcallers
  12 reapers
  22 ironheart preservers
  54 very ugly things
  9 war gargoyles
  25 stone giants
  A stone giant (shapeshifter) (Depths:2)
  5 deep elf annihilators
  13 entropy weavers
  6 black draconians
  7 vampire knights (Zig:20)
  3 corrupters
  6 black suns (Pan)
  2 lorocyprocas
  5 green draconians
  8 deep elf demonologists
  7 red draconians
  The ghost of Ribudoz the Blocker, a journeyman GnFi of Okawaru (Lair:5)
  A spark wasp (shapeshifter) (Zig:22)
  2 dire elephants (shapeshifter)
  31 spark wasps
  4 yellow draconians
  9 green deaths
  4 purple draconians
  5 white draconians
  20 ettins
  A quicksilver dragon zombie (Zig:18)
  2 eidola (Zig:20)
  13 merfolk impalers
  4 blizzard demons
  An ettin (shapeshifter) (Zig:22)
  A crystal guardian (Depths:2)
  8 death oozes
  A mummy priest (Zig:6)
  10 fire dragons
  13 merfolk javelineers
  26 yaktaur captains
  8 deep elf death magi
  8 deep elf high priests
  16 great orbs of eyes
  6 rakshasas
  3 hell beasts
  30 vault guards
  15 spriggan air magi
  A ghost crab (Zig:16)
  2 catoblepae
  4 shambling mangroves (Zig:24)
  10 hydras
  A monstrous demonspawn (Pan)
  18 naga warriors
  A hydra (shapeshifter) (Depths:2)
  12 ice dragons
  12 centaur warriors
  14 anacondas
  62 two-headed ogres
  3 alligator snapping turtles
  A juggernaut simulacrum (Depths:2)
  A catoblepas (shapeshifter) (Depths:2)
  25 ogre magi
  29 dancing weapons
  5 merfolk avatars
  A satyr (shapeshifter) (Depths:4)
  6 death knights
  A queen ant (shapeshifter) (Vaults:3)
  11 deep troll shamans
  6 merfolk aquamancers
  A two-headed ogre (shapeshifter) (Zig:27)
  7 tengu warriors
  9 death yaks
  8 vampire magi (Zig:20)
  15 deep troll earth magi
  A titan zombie (Zig:18)
  9 orc high priests (Zig:21)
  9 hell knights (Depths:4)
  5 thrashing horrors
  11 naga sharpshooters
  23 shock serpents
  7 sun demons (Pan)
  10 soul eaters
  2 storm dragon zombies
  25 deep elf knights
  An iron golem (WizLab)
  5 iron trolls
  A titan skeleton (Zig:12)
  An iron troll (shapeshifter) (Zig:27)
  6 shadow wraiths
  Nergalle (D:11)
  21 sea snakes
  A salamander mystic (Zig:26)
  10 skeletal warriors
  3 wretched stars
  A storm dragon skeleton (Depths:4)
  A golden dragon zombie (Zig:18)
  A torturous demonspawn (Zig:13)
  2 sixfirhies
  An unseen horror (shapeshifter) (WizLab)
  32 deep trolls
  2 sea snakes (shapeshifter)
  A spriggan druid (Zig:24)
  A deep troll (shapeshifter) (WizLab)
  9 unseen horrors
  3 death drakes (shapeshifter)
  9 death drakes (Zig:24)
  13 swamp dragons
  2 gelid demonspawn (Pan)
  7 glowing orange brains
  19 deep elf archers
  6 wizards
  2 shadow demons
  2 obsidian statues
  2 flayed ghosts
  5 infernal demonspawn
  21 orc knights
  A shadow dragon zombie (Zig:18)
  3 tengu zombies
  A harpy (shapeshifter) (WizLab)
  8 phantasmal warriors
  10 necromancers
  9 orange crystal statues
  9 harpies (Shoals:4)
  24 ironbrand convokers
  8 naga ritualists
  A wolf spider zombie (D:15)
  11 mana vipers
  An orb spider (shapeshifter) (Zig:27)
  An iron dragon zombie (Zig:18)
  7 orb spiders (Zig:19)
  4 oklob plants (Lair:2)
  2 lindwurms (shapeshifter)
  A frost giant zombie (Zig:12)
  15 fauns
  11 orc sorcerers
  A salamander (shapeshifter) (WizLab)
  72 ugly things
  A shadow dragon skeleton (Zig:6)
  2 cyclopes (shapeshifter)
  A stone giant zombie (Zig:6)
  4 shining eyes
  11 salamanders
  79 deep elf magi
  4 shining eyes (shapeshifter)
  2 moths of wrath (shapeshifter)
  10 cyclopes
  5 rust devils (Zig:18)
  2 elf zombies
  2 tengu skeletons
  10 wolf spiders
  14 elephants
  A black mamba (shapeshifter) (WizLab)
  4 moths of wrath
  2 guardian serpents (shapeshifter)
  An iron dragon skeleton (Zig:12)
  A torpor snail (shapeshifter) (Zig:22)
  An apocalypse crab (Zig:10)
  2 centaur zombies
  11 merfolk sirens
  11 manticores
  6 water nymphs
  2 water nymphs (shapeshifter)
  41 black mambas
  7 orange demons
  26 spiny frogs
  4 gargoyles
  11 guardian serpents
  10 ice statues
  5 smoke demons
  29 naga magi
  2 torpor snails
  19 vault sentinels
  3 eyes of devastation
  2 rime drakes
  A spiny frog (shapeshifter) (WizLab)
  2 human zombies (Vaults:3)
  A kobold demonologist (Bailey)
  82 yaktaurs
  A spriggan skeleton (Zig:6)
  A komodo dragon (shapeshifter) (WizLab)
  10 hellions
  A yaktaur (shapeshifter) (Elf:1)
  An ice devil (Zig:18)
  13 freezing wraiths
  6 komodo dragons
  A redback zombie (D:15)
  4 hellwings
  6 tormentors
  6 demonic crawlers
  2 elf skeletons
  8 jumping spiders
  2 elves (WizLab)
  6 red devils
  2 ancient zymes (Zig:14)
  A wind drake (shapeshifter) (WizLab)
  5 polar bears
  A tengu simulacrum (Vaults:5)
  A tengu conjurer (Depths:4)
  A troll (shapeshifter) (Depths:4)
  A queen bee (shapeshifter) (Depths:3)
  5 guardian mummies (Zig:6)
  2 hornets (shapeshifter) (WizLab)
  9 trolls
  42 merfolk
  5 tyrant leeches (Lair:6)
  The ghost of Xerdoz the Firebug, an amateur DrFE (D:4)
  16 hornets
  A bog body (Zig:24)
  104 slime creatures
  A meliai zombie (D:11)
  15 raiju
  3 jumping spiders (shapeshifter)
  A snapping turtle (shapeshifter) (Vaults:5)
  A spriggan zombie (Zig:4)
  13 dream sheep
  16 blink frogs
  A dream sheep (shapeshifter) (Zig:11)
  15 hippogriffs
  2 hippogriffs (shapeshifter) (WizLab)
  9 starcursed masses
  4 snapping turtles (Shoals:4)
  A vampire (D:12)
  8 air elementals
  31 water elementals
  4 redbacks (Zig:19)
  7 tarantellas
  6 wraiths
  2 spriggans
  A spriggan (shapeshifter) (Vaults:4)
  12 ynoxinuls
  2 tarantellas (shapeshifter)
  6 shadows
  3 basilisks
  3 basilisks (shapeshifter)
  A human (shapeshifter) (WizLab)
  5 humans
  24 yaks
  8 wyverns
  A golden eye (Slime:5)
  3 fire elementals
  2 hungry ghosts
  8 vampire mosquitoes
  13 chaos spawn
  2 steam dragons
  Grum (D:10)
  7 neqoxecs
  10 wargs
  13 small abominations
  60 nagas
  2 acid dragons (Vaults:1)
  10 insubstantial wisps
  2 swamp worms (shapeshifter) (WizLab)
  11 porcupines
  8 water moccasins
  A porcupine (shapeshifter) (Zig:22)
  2 swamp drakes (Zig:24)
  2 hell hounds (Zig:18)
  4 floating eyes (WizLab)
  65 orc warriors
  3 sky beasts
  20 ice beasts
  29 large abominations
  2 black bears
  2 necrophages (Zig:12)
  An ettin simulacrum (Vaults:5)
  10 boggarts
  5 phantoms
  5 eyes of draining
  49 ogres
  7 wolves
  14 centaurs
  13 crocodiles
  32 bullfrogs
  3 big kobolds
  A glowing shapeshifter simulacrum (Depths:4)
  3 earth elementals
  A scorpion (shapeshifter) (WizLab)
  5 jellies
  5 scorpions
  2 human simulacra
  7 wights
  4 howler monkeys
  16 electric eels
  8 crimson imps
  3 quasits
  2 bullfrog zombies
  5 hounds
  15 orc priests
  4 centaur skeletons
  5 iron imps
  24 orc wizards
  4 iguanas
  11 worker ants
  Terence (D:3)
  A hound skeleton (D:5)
  A mummy (Zig:6)
  9 gnolls
  A worker ant zombie (D:5)
  15 adders
  A river rat (Sewer)
  8 shadow imps
  3 oozes
  2 adder zombies
  A worm (shapeshifter) (Elf:1)
  3 adder skeletons
  3 worms
  2 dart slugs
  8 leopard geckos
  87 orcs
  5 bats
  4 giant cockroaches
  19 goblins
  23 hobgoblins
  8 jackals
  22 kobolds
  4 quokkas
  3 ball pythons
  4 frilled lizards
  3 goblin skeletons (D:5)
  A goblin zombie (D:5)
  3 hobgoblin zombies (D:5)
  2 jackal skeletons
  2 kobold zombies (D:5)
  An orc skeleton (D:5)
  3 orc zombies (D:5)
  A quokka skeleton (D:8)
  16 rats
  3 crawling corpses (Vaults:5)
  A fungus (Lair:3)
  89 plants
3466 creatures vanquished.

Vanquished Creatures (collateral kills)
  A pandemonium lord (Zig:13)
  2 golden dragons (Zig:27)
  A titan (Zig:27)
  A nagaraja (Zig:16)
  An orc warlord (Orc:2)
  A cacodemon (Zig:13)
  3 ghost moths
  A blizzard demon (Zig:13)
  A shambling mangrove (Zig:16)
  A wolf spider (Zig:19)
  An orc knight (Zig:27)
  An orb spider (Zig:19)
  An orc sorcerer (Orc:2)
  A moth of wrath (Zig:19)
  A salamander (shapeshifter) (WizLab)
  A spiny frog (shapeshifter) (WizLab)
  4 spiny frogs (Lair:6)
  A yaktaur (shapeshifter) (WizLab)
  2 jumping spiders (Zig:19)
  A hornet (Zig:16)
  A dream sheep (shapeshifter) (WizLab)
  4 blink frogs (Lair:6)
  A slime creature (Zig:16)
  7 dream sheep (Lair:6)
  A snapping turtle (Zig:16)
  A vampire mosquito (Lair:6)
  2 orc warriors (Orc:2)
  2 bullfrogs (Lair:6)
  An orc priest (Orc:2)
  An orc (Orc:2)
48 creatures vanquished.

Vanquished Creatures (others)
  A ghost moth (Depths:2)
  A water elemental (Elf:1)
  An orc warrior (Orc:2)
  A porcupine (Lair:1)
  A leopard gecko skeleton (D:6)
  23 fungi
  44 plants
72 creatures vanquished.

Grand Total: 3586 creatures vanquished

Notes
Turn   | Place    | Note
-------+----------+-------------------------------------------
     0 | D:1      | Johnny the Demigod Earth Elementalist began the quest for
                  | the Orb.
     0 | D:1      | Reached XP level 1. HP: 14/14 MP: 5/5
   289 | D:1      | Reached XP level 2. HP: 20/20 MP: 3/7
   653 | D:1      | You fall into a shaft and drop 1 floor!
   728 | D:2      | Reached XP level 3. HP: 17/26 MP: 5/9
  1588 | D:2      | Found an iron altar of Okawaru.
  1743 | D:2      | Reached XP level 4. HP: 11/33 MP: 3/11
  2340 | D:3      | Noticed Terence
  2351 | D:3      | Killed Terence
  2444 | D:3      | Found a shattered altar of Ashenzari.
  2496 | D:3      | Found an ancient bone altar of Kikubaaqudgha.
  2511 | D:3      | Reached XP level 5. HP: 32/38 MP: 13/13
  2596 | D:3      | Found a glowing drain.
  2618 | Sewer    | Entered a sewer
  2871 | Sewer    | Reached skill level 5 in Earth Magic
  2871 | Sewer    | Reached XP level 6. HP: 21/45 MP: 10/15
  2948 | Sewer    | Learned a level 3 spell: Stone Arrow
  2954 | Sewer    | Learned a level 5 spell: Lee's Rapid Deconstruction
  2959 | Sewer    | Learned a level 4 spell: Petrify
  3505 | D:4      | Found a runed translucent door.
  3506 | D:4      | Noticed Xerdoz's ghost (amateur DrFE)
  3672 | D:4      | Killed Xerdoz's ghost
  3855 | D:4      | Reached skill level 5 in Spellcasting
  3855 | D:4      | Reached XP level 7. HP: 39/50 MP: 13/17
  4968 | D:5      | Entered Level 5 of the Dungeon
  4968 | D:5      | Found a stormy altar of Qazlal.
  4982 | D:5      | Noticed a fire elemental
  4985 | D:5      | Noticed an air elemental
  4985 | D:5      | Noticed a water elemental
  5007 | D:5      | Found a glowing golden altar of the Shining One.
  5346 | D:5      | Found Qorushiz's Assorted Antiques.
  5355 | D:5      | Bought a clouded granite ring for 165 gold pieces
  5355 | D:5      | Identified the ring "Zixetiomm" {*Slow rPois MR+ Dex+4 SInv
                  | Stlth-} (You bought it in a shop on level 5 of the Dungeon)
  5703 | D:5      | Found a staircase to the Ecumenical Temple.
  6066 | D:6      | Reached XP level 8. HP: 41/57 MP: 15/20
  6181 | D:6      | Found Joedadgh's Antique Armour Emporium.
  7258 | D:6      | Found an ornate altar of the Wu Jian Council.
  7576 | D:6      | Found a sparkling altar of Nemelex Xobeh.
  8106 | D:7      | Reached XP level 9. HP: 55/62 MP: 15/24
  8355 | D:7      | Found a shimmering altar of Xom.
  9426 | D:8      | Found a white marble altar of Elyvilon.
  9840 | D:8      | Found a snail-covered altar of Cheibriados.
 10309 | D:8      | Noticed an ice statue
 10315 | D:8      | Killed an ice statue
 10315 | D:8      | Reached skill level 10 in Earth Magic
 10325 | D:8      | Got a smoking scale mail
 10331 | D:8      | Got a faintly glowing long sword
 10333 | D:8      | Got an ancient hand crossbow
 10339 | D:8      | Learned a level 2 spell: Passwall
 10363 | D:8      | Identified the cursed +1 long sword "Enologg" {speed,
                  | Int+4} (You found it on level 8 of the Dungeon)
 10365 | D:8      | Identified the +10 hand crossbow of the Tundras {flame,
                  | Int-2 Dex+5 Stlth+} (You found it on level 8 of the
                  | Dungeon)
 10380 | D:8      | Identified the +4 scale mail "Mawopi" {*Drain rF+ rN+
                  | Stlth+} (You found it on level 8 of the Dungeon)
 10435 | D:6      | Bought a glowing scarf for 192 gold pieces
 10751 | D:9      | Reached XP level 10. HP: 69/69 MP: 16/27
 11057 | D:9      | Found a radiant altar of Vehumet.
 11286 | D:10     | Entered Level 10 of the Dungeon
 11292 | D:10     | Noticed Grum
 11308 | D:10     | Killed Grum
 11560 | D:10     | Reached skill level 10 in Spellcasting
 11637 | D:10     | Noticed a two-headed ogre
 11644 | D:10     | Killed a two-headed ogre
 12351 | D:11     | Found Cukhluhof's Jewellery Shop.
 12367 | D:11     | Bought an uncursed amulet of magic regeneration for 390
                  | gold pieces
 12425 | D:11     | Noticed Nergalle
 12436 | D:11     | Killed Nergalle
 12470 | D:11     | Reached XP level 11. HP: 37/74 MP: 16/30
 12525 | D:11     | Found a staircase to the Lair.
 12572 | D:11     | Noticed an unseen horror
 12583 | D:11     | Killed an unseen horror
 12960 | D:11     | Noticed a tengu warrior
 12961 | D:11     | Noticed an ogre mage
 12966 | D:11     | Killed a tengu warrior
 12966 | D:11     | Killed an ogre mage
 12972 | D:11     | Noticed an unseen horror
 12979 | D:11     | Killed an unseen horror
 12982 | D:11     | Noticed a centaur warrior
 12984 | D:11     | Killed a centaur warrior
 13230 | D:11     | Got a transparent whip
 13318 | D:11     | You fall into a shaft and drop 3 floors!
 13318 | D:14     | Found a flagged portal.
 13321 | Bailey   | Entered a bailey
 13377 | Bailey   | Found an iron altar of Okawaru.
 13902 | D:14     | Identified Johnny's Papyrus of Displaced Lightness (You
                  | acquired it on level 14 of the Dungeon)
 13904 | D:14     | Noticed a tengu warrior
 13904 | D:14     | Noticed a tengu warrior
 13915 | D:14     | Killed a tengu warrior
 13916 | D:14     | Killed a tengu warrior
 14038 | D:14     | Learned a level 9 spell: Shatter
 14122 | D:14     | Reached XP level 12. HP: 67/81 MP: 7/32
 14353 | D:14     | Found a gate to the Vaults.
 14451 | D:14     | Found Edghuq's Antique Armour Boutique.
 14571 | D:14     | Found a blossoming altar of Fedhas.
 14710 | D:13     | Found a runed translucent door.
 14776 | D:13     | Found a runed translucent door.
 14789 | D:13     | Found a runed translucent door.
 14805 | D:13     | Found a runed translucent door.
 14932 | D:13     | Identified the +8 whip of Osab {distort, rN+} (You found it
                  | on level 11 of the Dungeon)
 14996 | D:13     | Found Dolir's Magic Scroll Boutique.
 15000 | D:13     | Bought a scroll of identify for 30 gold pieces
 15000 | D:13     | Bought a scroll of identify for 30 gold pieces
 15837 | D:11     | Bought the ring "Xiuli" {Wiz +Blink +Fly Dex+3} for 681
                  | gold pieces
 15837 | D:11     | Bought the ring "Uceluuw" {rN+ EV+5 SInv} for 915 gold
                  | pieces
 16222 | D:12     | Found a staircase to the Orcish Mines.
 16342 | D:12     | Noticed a death knight
 16356 | D:11     | Killed a death knight
 16569 | D:12     | Reached skill level 15 in Earth Magic
 16569 | D:12     | Reached XP level 13. HP: 86/86 MP: 24/35
 16909 | Orc:1    | Entered Level 1 of the Orcish Mines
 16940 | Orc:2    | Entered Level 2 of the Orcish Mines
 16940 | Orc:2    | Found Xadeum's General Store.
 17148 | Orc:2    | Found Axzob's Magic Scroll Boutique.
 17160 | Orc:2    | Found Veetont's Jewellery Boutique.
 17168 | Orc:1    | Found a transporter.
 17170 | Orc:1    | Found a transporter.
 17170 | Orc:1    | Noticed brucemayne's ghost (journeyman HOMo)
 17219 | Orc:2    | Found a staircase to the Elven Halls.
 17241 | Orc:1    | Found a frozen archway.
 17309 | Orc:1    | You fall into a shaft and drop 1 floor!
 17332 | IceCv    | Entered an ice cave
 17410 | IceCv    | Found a transporter.
 17443 | IceCv    | Found a transporter.
 17976 | Orc:2    | Found Zyurokae's Antique Armour Boutique.
 18015 | Orc:2    | Bought a scroll of identify for 28 gold pieces
 18015 | Orc:2    | Bought a scroll of identify for 28 gold pieces
 18015 | Orc:2    | Bought a scroll of identify for 28 gold pieces
 18015 | Orc:2    | Bought a scroll of identify for 28 gold pieces
 18132 | Orc:2    | Noticed an orc warlord
 18342 | Orc:1    | Identified the +9 great mace of World's End {crush, rF+ rN+
                  | Dex-5 Stlth+}
 18342 | Orc:1    | Identified the +4 great mace of Tumult {flame, *Contam
                  | rPois rN+ Int+6}
 18433 | Orc:2    | Killed an orc warlord
 18547 | Orc:2    | Bought a shiny buckler for 180 gold pieces
 18547 | Orc:2    | Bought a pair of glowing gloves for 180 gold pieces
 18607 | Orc:2    | Found Zokoxye's Antique Weapon Boutique.
 18939 | Orc:2    | Bought a scroll of teleportation for 42 gold pieces
 18939 | Orc:2    | Bought a scroll of fear for 49 gold pieces
 18939 | Orc:2    | Bought a scroll of teleportation for 42 gold pieces
 18939 | Orc:2    | Bought a scroll of immolation for 49 gold pieces
 18953 | Orc:2    | Bought a potion of mutation for 112 gold pieces
 18953 | Orc:2    | Bought a scroll of acquirement for 728 gold pieces
 19028 | D:14     | Bought the +3 hat of Pondering {ponderous, MR+ MP+10 Int+5}
                  | for 1181 gold pieces
 19028 | D:14     | Found the +3 hat of Pondering {ponderous, MR+ MP+10 Int+5}
 19028 | D:14     | Bought a heavily runed chain mail for 294 gold pieces
 19050 | D:14     | Identified the +6 chain mail "Ragylem" {rPois rF+++ Regen+
                  | Dex-2} (You bought it in a shop on level 14 of the Dungeon)
 19070 | D:15     | Entered Level 15 of the Dungeon
 19390 | D:15     | Reached XP level 14. HP: 87/93 MP: 31/36
 19516 | D:15     | Found a staircase to the Depths.
 20265 | Lair:1   | Entered Level 1 of the Lair of Beasts
 21228 | Lair:2   | You fall into a shaft and drop 2 floors!
 21969 | Lair:4   | Found a staircase to the Shoals.
 22439 | Lair:3   | Found a staircase to the Snake Pit.
 24240 | Lair:5   | Reached XP level 15. HP: 75/99 MP: 37/37
 24693 | Lair:5   | Got a slimy flail
 24734 | Lair:5   | Identified the +7 flail of the Seven Places {freeze, rElec
                  | rF+ rN++ Int-3} (You found it on level 5 of the Lair of
                  | Beasts)
 24763 | Lair:5   | Noticed Ribudoz's ghost (journeyman GnFi)
 24837 | Lair:5   | Found a staircase to the Slime Pits.
 24896 | Lair:5   | Found a transporter.
 24912 | Lair:5   | Found a transporter.
 25207 | Lair:6   | Entered Level 6 of the Lair of Beasts
 26293 | Lair:6   | Got a smoking demon trident
 26301 | Lair:6   | Identified the +9 demon trident of the Hand {venom, *Slow
                  | Int+3 Dex+5 SInv} (You found it on level 6 of the Lair of
                  | Beasts)
 26685 | Snake:1  | Entered Level 1 of the Snake Pit
 27145 | Snake:1  | Found a transporter.
 27773 | Snake:1  | Found a transporter.
 28123 | Snake:1  | Got a twitching ruby amulet
 28126 | Snake:1  | Identified the amulet "Atew" {Regen+ Str+5} (You found it
                  | on level 1 of the Snake Pit)
 28134 | Snake:1  | Got a crude diamond amulet
 28136 | Snake:1  | Identified the amulet of Beklasmo {RegenMP Str+6 Slay-3}
                  | (You found it on level 1 of the Snake Pit)
 28556 | Snake:2  | Noticed a nagaraja
 28567 | Snake:2  | Killed a nagaraja
 28820 | Snake:2  | Found Pos Lekhlikys's Food Boutique.
 28828 | Snake:2  | Bought a ration for 60 gold pieces
 28828 | Snake:2  | Bought a ration for 60 gold pieces
 28828 | Snake:2  | Bought a ration for 60 gold pieces
 28828 | Snake:2  | Bought a ration for 60 gold pieces
 28828 | Snake:2  | Bought a ration for 60 gold pieces
 28828 | Snake:2  | Bought a ration for 60 gold pieces
 28828 | Snake:2  | Bought a ration for 60 gold pieces
 28828 | Snake:2  | Bought a ration for 60 gold pieces
 28828 | Snake:2  | Bought a ration for 60 gold pieces
 28828 | Snake:2  | Bought a ration for 60 gold pieces
 28828 | Snake:2  | Bought a ration for 60 gold pieces
 28828 | Snake:2  | Bought a ration for 60 gold pieces
 29029 | Snake:3  | Reached XP level 16. HP: 78/105 MP: 36/38
 29042 | Snake:3  | Noticed Aizul
 29047 | Snake:3  | Killed Aizul
 29222 | Snake:3  | Noticed Bai Suzhen
 29377 | Snake:3  | Killed Bai Suzhen
 30149 | Snake:3  | Got a fine leather armour
 30150 | Snake:3  | Identified the cursed +1 leather armour "Jeyffu Wiarr"
                  | {Str+5 Dex-5 SInv Stlth+} (You found it on level 3 of the
                  | Snake Pit)
 30157 | Snake:4  | Entered Level 4 of the Snake Pit
 30917 | Snake:4  | Reached XP level 17. HP: 80/111 MP: 14/39
 31532 | Snake:4  | Got a serpentine rune of Zot
 32090 | Shoals:1 | Entered Level 1 of the Shoals
 32337 | Shoals:1 | Noticed Nikola
 32340 | Shoals:1 | Killed Nikola
 33270 | Shoals:2 | Found Ebewke's Weapon Boutique.
 34746 | Shoals:4 | Entered Level 4 of the Shoals
 35046 | Shoals:4 | Identified the cursed ring of Usyqaaqa {Int+7 Dex-5 Stlth+}
 35162 | Shoals:4 | Reached XP level 18. HP: 114/117 MP: 27/41
 35387 | Shoals:4 | Found Duez's Assorted Antiques.
 35643 | Shoals:4 | Bought a scroll of holy word for 292 gold pieces
 35824 | Shoals:4 | Reached skill level 1 in Shields
 36034 | Shoals:4 | Got a barnacled rune of Zot
 36382 | Lair:5   | Killed Ribudoz's ghost
 36601 | Elf:1    | Entered Level 1 of the Elven Halls
 36617 | Elf:1    | Found a radiant altar of Vehumet.
 36946 | Elf:1    | Found an ancient bone altar of Kikubaaqudgha.
 37267 | Elf:1    | Found a large runed translucent door.
 37267 | Elf:1    | Found a large runed translucent door.
 37267 | Elf:1    | Noticed Amplified's ghost (adept MiEE)
 37836 | Elf:1    | Killed Amplified's ghost
 37938 | Elf:1    | Got a blackened mace
 37939 | Elf:1    | Identified the +6 mace of Shame {flame, rC+} (You found it
                  | on level 1 of the Elven Halls)
 38250 | Elf:2    | Found a runed translucent gate.
 38251 | Elf:2    | Found a runed translucent gate.
 38254 | Elf:2    | Found a runed translucent gate.
 38288 | Elf:2    | Reached skill level 5 in Shields
 38525 | Elf:2    | Found Kutekudd's One-of-a-Kind Books.
 38553 | Elf:2    | Bought An Early Guide to Thaumaturgy for 900 gold pieces
 38557 | Elf:2    | Learned a level 2 spell: Sublimation of Blood
 38875 | Elf:2    | Reached skill level 1 in Fighting
 39039 | Elf:2    | Reached skill level 1 in Necromancy
 39201 | Elf:2    | Learned a level 5 spell: Bolt of Draining
 39391 | Elf:2    | Reached XP level 19. HP: 118/133 MP: 8/43
 39695 | Elf:3    | Entered Level 3 of the Elven Halls
 39772 | Elf:3    | Reached skill level 15 in Spellcasting
 40139 | Elf:3    | Noticed a Tzitzimitl
 40298 | Elf:3    | Reached skill level 5 in Fighting
 40384 | Elf:3    | Identified the cursed +0 morningstar of Wiluaq {venom, rC+
                  | Int-2 Dex+3}
 40417 | Elf:3    | Identified the +6 halberd "Extaeleido" {chop, rElec Int+4
                  | SInv}
 40419 | Elf:3    | Found the +7 Kryia's mail coat {PotionHeal*2 rC+}
 40517 | Elf:3    | Got a crude whip
 40518 | Elf:3    | Identified the +4 whip "Akuqom Ris" {slash, *Drain +Fly
                  | rElec Stlth-} (You found it on level 3 of the Elven Halls)
 40637 | Elf:3    | Got a translucent granite ring
 40638 | Elf:3    | Identified the ring of the Doge {*Tele Int+6} (You found it
                  | on level 3 of the Elven Halls)
 40642 | Elf:3    | Got a jewelled halberd
 40644 | Elf:3    | Got a twisted spear
 40646 | Elf:3    | Identified the +2 spear of the Candle {venom, rF+ MR++}
                  | (You found it on level 3 of the Elven Halls)
 40654 | Elf:3    | Identified the +8 halberd of Tumult {chop, rC+ rN++ Int-5
                  | SInv} (You found it on level 3 of the Elven Halls)
 40711 | Elf:3    | Got a crystal great sword
 40712 | Elf:3    | Identified the +3 great sword of Numpih {antimagic, *Slow
                  | rF++ rN+++ MP-9} (You found it on level 3 of the Elven
                  | Halls)
 40932 | Elf:3    | Got a transparent hat
 40943 | Elf:3    | Identified the +0 hat of Eriecuach {rC- Int+2 Dex+2 Stlth+}
                  | (You found it on level 3 of the Elven Halls)
 41064 | Orc:2    | Bought a fine chain mail for 228 gold pieces
 41079 | Orc:2    | Identified the +3 chain mail of the Burgomaster {SInv} (You
                  | bought it in a shop on level 2 of the Orcish Mines)
 41297 | D:6      | Bought a shimmering ring mail for 216 gold pieces
 41311 | D:6      | Identified the +0 ring mail "Muzxide" {+Blink +Inv MR-
                  | Slay-6} (You bought it in a shop on level 6 of the Dungeon)
 41521 | Vaults:1 | Entered Level 1 of the Vaults
 41532 | Vaults:1 | Reached skill level 1 in Armour
 42071 | Vaults:1 | You fall into a shaft and drop 1 floor!
 42081 | Vaults:2 | Reached skill level 5 in Necromancy
 42468 | Vaults:2 | Found a staircase to the Crypt.
 42468 | Vaults:2 | Found an ancient bone altar of Kikubaaqudgha.
 42479 | Vaults:2 | Found a basalt altar of Yredelemnul.
 42535 | Vaults:2 | Reached skill level 10 in Fighting
 42685 | Vaults:2 | Found Hupnyteu's Jewellery Shop.
 43004 | Vaults:2 | Reached XP level 20. HP: 162/162 MP: 45/45
 43075 | Vaults:2 | Got a smoking scale mail
 43076 | Vaults:2 | Identified the +5 scale mail "Esoer" {+Fly Int+4} (You
                  | found it on level 2 of the Vaults)
 44021 | Vaults:3 | Noticed Frederick
 44024 | Vaults:3 | Killed Frederick
 44139 | Vaults:3 | Reached skill level 5 in Armour
 44346 | Vaults:3 | Got an ancient iron ring
 44347 | Vaults:3 | Identified the ring "Safitaorch" {+Fly Str+3 Stlth+} (You
                  | found it on level 3 of the Vaults)
 46215 | Vaults:4 | Reached XP level 21. HP: 169/182 MP: 4/47
 47304 | Vaults:3 | Got a crude spear
 47306 | Vaults:3 | Identified the +8 spear "Jellybane" {pierce, MR- Str+4
                  | Stlth+} (You found it on level 3 of the Vaults)
 47370 | Vaults:5 | Entered Level 5 of the Vaults
 47487 | Vaults:5 | Reached skill level 10 in Armour
 47989 | Vaults:5 | Noticed a golden dragon
 47993 | Vaults:5 | Reached XP level 22. HP: 137/190 MP: 24/49
 48805 | Vaults:5 | Got a silver rune of Zot
 48943 | Vaults:5 | Identified the Reference Book on Earthen Translocation
 48993 | Vaults:5 | Noticed an ancient lich
 48995 | Vaults:5 | Killed an ancient lich
 49113 | Vaults:5 | Identified the +9 hand crossbow "Irumm" {elec, *Slow +Blink
                  | rF++ Int+8}
 49191 | Vaults:5 | Identified the cursed +1 spear "Geocvir" {flame, MR+ Str+6
                  | Stlth-}
 49307 | Vaults:5 | Learned a level 3 spell: Regeneration
 49314 | Vaults:5 | Learned a level 6 spell: Deflect Missiles
 49370 | Vaults:5 | Reached skill level 1 in Charms
 49372 | Vaults:5 | Found Teeqo's Assorted Antiques.
 49376 | Vaults:5 | Bought a steaming trident for 221 gold pieces
 49376 | Vaults:5 | Bought a potion of curing for 78 gold pieces
 49376 | Vaults:5 | Bought a scroll of teleportation for 78 gold pieces
 49376 | Vaults:5 | Bought a scroll of vulnerability for 195 gold pieces
 49376 | Vaults:5 | Bought 2 potions of curing for 156 gold pieces
 49376 | Vaults:5 | Bought a distressingly furry scale mail for 234 gold pieces
 49376 | Vaults:5 | Bought a potion of cancellation for 208 gold pieces
 49396 | Vaults:5 | Identified the +1 scale mail of Taxze {MR+ Str+2 Stlth+}
                  | (You bought it in a shop on level 5 of the Vaults)
 49403 | Vaults:5 | Identified the cursed +1 trident of the Forgotten Demons
                  | {pierce, *Drain +Blink rN+ Int+4} (You bought it in a shop
                  | on level 5 of the Vaults)
 49805 | Vaults:5 | Got a fine short sword
 49806 | Vaults:5 | Identified the cursed +0 short sword "Kimivezui" {freeze,
                  | Fragile rN+ Int+3 Dex+2} (You found it on level 5 of the
                  | Vaults)
 49872 | Vaults:5 | Got a faintly glowing helmet
 49884 | Vaults:5 | Identified the cursed +0 helmet "Xetu" {*Contam rF+ rCorr
                  | Dex+2} (You found it on level 5 of the Vaults)
 49925 | Vaults:5 | Got an opal-encrusted leather armour
 49936 | Vaults:5 | Identified the cursed +0 leather armour "Vudulamu" {rElec
                  | rF+} (You found it on level 5 of the Vaults)
 50167 | Orc:2    | Bought the amulet of Dishonour {Harm *Drain +Blink Str+5
                  | Slay+6} for 1115 gold pieces
 50293 | Depths:1 | Entered Level 1 of the Depths
 50413 | Depths:1 | Found a magical portal.
 50560 | WizLab   | Paralysed by a floating eye for 4 turns
 51124 | WizLab   | Identified the Guide on Moulding
 51126 | WizLab   | Identified Cigotuvi's Volume of Doomed Changing
 51334 | WizLab   | Got a scorched pewter amulet
 51421 | Depths:1 | Reached skill level 5 in Charms
 51586 | Depths:1 | Identified the amulet "Qined" {RegenMP Int+2} (You found it
                  | in a wizard's laboratory)
 51611 | Depths:1 | Found a gateway to Hell.
 51736 | Depths:1 | Reached XP level 23. HP: 194/196 MP: 52/52
 51820 | Depths:1 | Found a one-way gate to the infinite horrors of the Abyss.
 51842 | Depths:1 | Found a gateway to a ziggurat.
 52111 | Depths:2 | Noticed an ancient lich
 52266 | Depths:2 | Killed an ancient lich
 53712 | Depths:2 | Got a shimmering rapier
 53713 | Depths:2 | Identified the cursed +1 rapier "Viotich" {antimagic,
                  | Dex+8} (You found it on level 2 of the Depths)
 54038 | Depths:3 | Found a one-way gate leading to the halls of Pandemonium.
 54802 | Depths:3 | Reached skill level 15 in Armour
 54957 | Depths:3 | Identified the +0 troll leather armour "Zeckyomo" {rN++
                  | Regen+ Int+2}
 54995 | Depths:3 | Got an iridescent mace
 54997 | Depths:3 | Identified the cursed +1 mace of Dullness {crush, rC- rN+
                  | MR- Str+7} (You found it on level 3 of the Depths)
 55394 | Depths:4 | Reached XP level 24. HP: 120/205 MP: 48/54
 55862 | Depths:4 | Reached skill level 10 in Charms
 56053 | Depths:4 | Identified the +5 quarterstaff "Impslayer" {freeze, *Contam
                  | rC+++ MR- Int+6}
 56245 | Depths:4 | Got a bloodstained spear
 56247 | Depths:4 | Identified the cursed +2 spear of the Big Bang {venom,
                  | rElec rN+ MR+ SInv} (You found it on level 4 of the Depths)
 56765 | Depths:5 | Entered Level 5 of the Depths
 57194 | Depths:5 | Reached XP level 25. HP: 212/212 MP: 47/55
 57247 | Depths:5 | Found a gate to the Realm of Zot.
 57299 | Depths:5 | Found Poedaac's Armour Boutique.
 58020 | Slime:1  | Entered Level 1 of the Pits of Slime
 58314 | Slime:1  | Learned a level 8 spell: Lehudib's Crystal Spear
 58320 | Slime:1  | Learned a level 5 spell: Borgnjor's Vile Clutch
 59704 | Slime:4  | Gained mutation: You tend to lose your temper in combat. [a
                  | shining eye]
 59856 | Slime:4  | Gained mutation: Your body sometimes deteriorates upon
                  | taking damage. [a shining eye]
 59859 | Slime:4  | Gained mutation: You occasionally shout uncontrollably at
                  | your foes. [a shining eye]
 59861 | Slime:4  | Lost mutation: Your body sometimes deteriorates upon taking
                  | damage. [potion of mutation]
 59861 | Slime:4  | Lost mutation: You tend to lose your temper in combat.
                  | [potion of mutation]
 59861 | Slime:4  | Gained mutation: Your flesh is heat resistant. (rF+)
                  | [potion of mutation]
 59861 | Slime:4  | Gained mutation: You are covered in fur. (AC +1) [potion of
                  | mutation]
 59997 | Slime:5  | Entered Level 5 of the Pits of Slime
 60272 | Slime:5  | Gained mutation: Your body sometimes deteriorates upon
                  | taking damage. [a shining eye]
 60868 | Slime:5  | Noticed the Royal Jelly
 60873 | Slime:5  | Killed the Royal Jelly
 61150 | Slime:5  | Got a brightly glowing morningstar
 61194 | Slime:5  | Got a slimy rune of Zot
 61195 | Slime:5  | Identified the Catalogue of Evil Rites
 61212 | Slime:5  | Identified the Volume of the Warped Oath
 61242 | Slime:5  | Identified Cieps's Volume of the Earthen Traveller
 61247 | Slime:5  | Learned a level 2 spell: Blink
 61251 | Slime:5  | Got a twisted great sword
 61259 | Slime:5  | Identified the cursed +1 great sword of Dismay {flame, MR+}
                  | (You found it on level 5 of the Pits of Slime)
 61261 | Slime:5  | Identified the +5 morningstar "Ullokon" {holy, rN++ Str+6
                  | Dex-4} (You found it on level 5 of the Pits of Slime)
 61287 | Slime:5  | Got an ancient dagger
 61290 | Slime:5  | Identified the +6 dagger "Newtbane" {drain, rF- Str+2
                  | Dex+4} (You found it on level 5 of the Pits of Slime)
 61293 | Slime:5  | Got a smoking great sword
 61302 | Slime:5  | Identified the +8 great sword of Sorefagg {speed, *Drain
                  | rElec Str+5 Stlth+} (You found it on level 5 of the Pits of
                  | Slime)
 61307 | Slime:5  | Got a spiked helmet
 61318 | Slime:5  | Identified the +1 helmet of Integrity {rElec} (You found it
                  | on level 5 of the Pits of Slime)
 62706 | Zig:1    | Entered Level 1 of a ziggurat
 62727 | Zig:2    | Entered Level 2 of a ziggurat
 62829 | Zig:3    | Entered Level 3 of a ziggurat
 62846 | Zig:3    | Reached XP level 26. HP: 220/220 MP: 46/56
 62946 | Zig:4    | Entered Level 4 of a ziggurat
 63005 | Zig:5    | Entered Level 5 of a ziggurat
 63010 | Zig:5    | Noticed Paiclos the pandemonium lord
 63016 | Zig:5    | Killed Paiclos the pandemonium lord
 63033 | Zig:5    | Identified the Catalogue of Lethal Transmutation
 63245 | Zig:6    | Entered Level 6 of a ziggurat
 63261 | Zig:6    | Got a slimy platinum ring
 63269 | Zig:6    | Identified the ring of Xeitus {+Fly rC++} (You found it on
                  | level 6 of a ziggurat)
 63471 | Zig:7    | Entered Level 7 of a ziggurat
 63490 | Zig:7    | Identified Cuyhiry's Grimoire of the Birds
 63646 | Zig:8    | Entered Level 8 of a ziggurat
 63655 | Zig:8    | Reached skill level 15 in Fighting
 63697 | Zig:8    | Learned a level 2 spell: Shroud of Golubria
 63699 | Zig:8    | Learned a level 1 spell: Summon Butterflies
 63704 | Zig:8    | Reached XP level 27. HP: 206/226 MP: 54/56
 63708 | Zig:8    | Got a translucent quarterstaff
 63710 | Zig:8    | Identified the +2 quarterstaff of Satyriasis {venom, MP+9
                  | Str-3 Dex+2} (You found it on level 8 of a ziggurat)
 63730 | Zig:9    | Entered Level 9 of a ziggurat
 63740 | Zig:9    | Found the macabre finger necklace {rN+}
 63772 | Zig:9    | Got a faintly humming cloak
 63774 | Zig:9    | Got a slimy broad axe
 63777 | Zig:9    | Identified the +9 broad axe of Contention {flame, +Rage
                  | +Inv Str+4} (You found it on level 9 of a ziggurat)
 63778 | Zig:9    | Identified the cursed -6 cloak of Vainemuera {rPois rF+
                  | Str-2} (You found it on level 9 of a ziggurat)
 63798 | Zig:10   | Entered Level 10 of a ziggurat
 63822 | Zig:10   | Identified the Almanac of Slavery and the Glacier
 63898 | Zig:11   | Entered Level 11 of a ziggurat
 63911 | Zig:11   | Reached skill level 5 in Dodging
 64055 | Zig:11   | Got a jewelled whip
 64058 | Zig:11   | Identified the +3 whip of Bodily Harmony {flame, rF+} (You
                  | found it on level 11 of a ziggurat)
 64069 | Zig:12   | Entered Level 12 of a ziggurat
 64127 | Zig:12   | Got a translucent iron ring
 64130 | Zig:12   | Identified the ring "Penitit" {Fire rPois MR- Int+6} (You
                  | found it on level 12 of a ziggurat)
 64205 | Zig:13   | Entered Level 13 of a ziggurat
 64219 | Zig:13   | Noticed Zevaibot the pandemonium lord
 64229 | Zig:13   | Killed Zevaibot the pandemonium lord
 64340 | Zig:13   | Identified the Volume of the Creative Oath
 64351 | Zig:13   | Identified the Collected Works on Stolen Souls and
                  | Transmutation
 64383 | Zig:13   | Got a smoking scale mail
 64388 | Zig:13   | Identified the +3 scale mail of Verek {rF+ Dex-4 Slay+5
                  | Stlth+} (You found it on level 13 of a ziggurat)
 64411 | Zig:14   | Entered Level 14 of a ziggurat
 64464 | Zig:14   | Got a dazzling glaive
 64469 | Zig:14   | Identified the cursed +1 glaive of the Big Bang {chop,
                  | rElec rN+ Int+4} (You found it on level 14 of a ziggurat)
 64477 | Zig:14   | Got a bloodstained morningstar
 64478 | Zig:14   | Identified the +2 morningstar of Cataclysm {holy, rN+ MP+9}
                  | (You found it on level 14 of a ziggurat)
 64589 | Zig:15   | Entered Level 15 of a ziggurat
 64611 | Zig:15   | Found the +15 Maxwell's patent armour {-Cast -Tele rElec
                  | MR+ rCorr}
 64611 | Zig:15   | Found the +8 whip "Snakebite" {curare, rPois}
 64612 | Zig:15   | Found the +27 Lear's hauberk
 64613 | Zig:15   | Reached skill level 10 in Shields
 64788 | Zig:15   | Got a smoking trident
 64789 | Zig:15   | Identified the cursed +3 trident of Greed {freeze, rC+
                  | Dex+2} (You found it on level 15 of a ziggurat)
 64793 | Zig:15   | Got a crude hand axe
 64794 | Zig:15   | Identified the cursed +1 hand axe "Beetle's Demise" {venom,
                  | rF- MR++} (You found it on level 15 of a ziggurat)
 64813 | Zig:16   | Entered Level 16 of a ziggurat
 64945 | Zig:16   | Identified a +1 pair of boots of running (You found it on
                  | level 16 of a ziggurat)
 64986 | Zig:17   | Entered Level 17 of a ziggurat
 65005 | Zig:17   | Noticed an ancient lich
 65008 | Zig:17   | Found the +1 cloak of Starlight {rElec rC+ EV+4 Stlth--}
 65009 | Zig:17   | Killed an ancient lich
 65065 | Zig:17   | Identified the Papyrus of Dark Bewitchment
 65067 | Zig:17   | Identified the Guide on Poisoning and Ignition
 65088 | Zig:17   | Got a pair of twisted boots
 65100 | Zig:17   | Identified the +2 pair of boots "Nerghol" {rF+ MR+ Regen+}
                  | (You found it on level 17 of a ziggurat)
 65105 | Zig:17   | Got a dazzling quarterstaff
 65106 | Zig:17   | Identified the cursed +0 quarterstaff of Odiduk {crush,
                  | +Blink rN+ Dex-4} (You found it on level 17 of a ziggurat)
 65109 | Zig:17   | Got an ancient demon whip
 65110 | Zig:17   | Identified the +2 demon whip "Taomp" {drain, MR+ Dex+4}
                  | (You found it on level 17 of a ziggurat)
 65131 | Zig:17   | Got an ancient broad axe
 65133 | Zig:17   | Identified the cursed +0 broad axe "Loduucko" {flame, +Inv
                  | MR- Str+9} (You found it on level 17 of a ziggurat)
 65157 | Zig:18   | Entered Level 18 of a ziggurat
 65415 | Zig:18   | Got a faintly glowing scale mail
 65437 | Zig:18   | Identified the +4 scale mail "Zicwanai" {*Corrode rF+ Dex+4
                  | Stlth+} (You found it on level 18 of a ziggurat)
 65469 | Zig:19   | Entered Level 19 of a ziggurat
 65659 | Zig:19   | Found the +12 glaive of Prune {chop}
 65690 | Zig:19   | Got a shimmering dagger
 65695 | Zig:19   | Got a brightly glowing short sword
 65697 | Zig:19   | Identified the cursed +3 dagger "Newtslayer" {drain, Dex+2}
                  | (You found it on level 19 of a ziggurat)
 65699 | Zig:19   | Identified the +9 short sword of the Scavenger {pierce,
                  | rElec rF++ Int-4 SInv} (You found it on level 19 of a
                  | ziggurat)
 65716 | Zig:20   | Entered Level 20 of a ziggurat
 65736 | Zig:20   | Reached skill level 1 in Translocations
 65736 | Zig:20   | Noticed an ancient lich
 65738 | Zig:20   | Killed an ancient lich
 65804 | Zig:20   | Reached skill level 5 in Translocations
 65834 | Zig:20   | Got a distressingly furry scale mail
 65835 | Zig:20   | Identified the +6 scale mail "Awism" {Str+4 Int+5} (You
                  | found it on level 20 of a ziggurat)
 65880 | Zig:21   | Entered Level 21 of a ziggurat
 65895 | Zig:21   | Noticed a juggernaut
 65895 | Zig:21   | Noticed a juggernaut
 65897 | Zig:21   | Killed a juggernaut
 65897 | Zig:21   | Noticed a juggernaut
 65897 | Zig:21   | Noticed a juggernaut
 65898 | Zig:21   | Noticed a juggernaut
 65898 | Zig:21   | Noticed a juggernaut
 65899 | Zig:21   | Killed a juggernaut
 65899 | Zig:21   | Noticed a juggernaut
 65899 | Zig:21   | Noticed a juggernaut
 65900 | Zig:21   | Killed a juggernaut
 65900 | Zig:21   | Killed a juggernaut
 65900 | Zig:21   | Noticed a juggernaut
 65901 | Zig:21   | Killed a juggernaut
 65901 | Zig:21   | Killed a juggernaut
 65901 | Zig:21   | Killed a juggernaut
 65901 | Zig:21   | Killed a juggernaut
 65902 | Zig:21   | Noticed a juggernaut
 65904 | Zig:21   | Killed a juggernaut
 65906 | Zig:21   | Killed a juggernaut
 65909 | Zig:21   | Reached skill level 10 in Translocations
 65956 | Zig:21   | Got a crude copper ring
 65965 | Zig:21   | Learned a level 6 spell: Iron Shot
 65985 | Zig:21   | Got a shimmering lajatang
 65989 | Zig:21   | Identified the cursed +0 lajatang "Howuu" {antimagic,
                  | *Noise rN+ Int+4} (You found it on level 21 of a ziggurat)
 65990 | Zig:21   | Identified the ring of Panweli {rPois rN+ MR- Str+4} (You
                  | found it on level 21 of a ziggurat)
 66005 | Zig:21   | Learned a level 5 spell: Aura of Abjuration
 66049 | Zig:22   | Entered Level 22 of a ziggurat
 66072 | Zig:22   | Noticed an ancient lich
 66073 | Zig:22   | Killed an ancient lich
 66086 | Zig:22   | Noticed an ancient lich
 66086 | Zig:22   | Noticed an ancient lich
 66088 | Zig:22   | Killed an ancient lich
 66088 | Zig:22   | Killed an ancient lich
 66096 | Zig:22   | Gained mutation: You are clumsy. (Dex -2) [a shining eye]
 66114 | Zig:22   | Found the +6 arbalest "Damnation" {damnation}
 66184 | Zig:22   | Identified the Almanac of the Twisted Volcanoes
 66209 | Zig:22   | Identified the Grimoire of Bewitchment
 66215 | Zig:22   | Identified the Papyrus of Frigorific Moulding
 66219 | Zig:22   | Identified Sientux's Grimoire of Creative Air
 66240 | Zig:22   | Got a transparent broad axe
 66241 | Zig:22   | Identified the +11 broad axe of Karma {flame, Stlth+} (You
                  | found it on level 22 of a ziggurat)
 66271 | Zig:23   | Entered Level 23 of a ziggurat
 66508 | Zig:23   | Identified the Disquisition on Companions
 66515 | Zig:23   | Got a glittering glass ring
 66528 | Zig:23   | Identified the ring "Vogaacody" {*Drain MR++ Stlth+} (You
                  | found it on level 23 of a ziggurat)
 66552 | Zig:24   | Entered Level 24 of a ziggurat
 66577 | Zig:24   | Reached skill level 15 in Translocations
 66749 | Zig:24   | Identified the Papyrus of Attacks
 66765 | Zig:24   | Got an ancient rapier
 66770 | Zig:24   | Identified the +5 rapier "Orghol" {pierce, rN+ MR+ SInv}
                  | (You found it on level 24 of a ziggurat)
 66773 | Zig:24   | Got a twisted rapier
 66774 | Zig:24   | Identified the +7 rapier "Puxuely" {pain, Str+4 Dex+2} (You
                  | found it on level 24 of a ziggurat)
 66780 | Zig:24   | Got a jewelled rapier
 66781 | Zig:24   | Identified the +5 rapier "Enwakk" {antimagic, Int+6} (You
                  | found it on level 24 of a ziggurat)
 66807 | Zig:25   | Entered Level 25 of a ziggurat
 66972 | Zig:25   | Identified the Handbook of Supportive Cold
 66977 | Zig:25   | Identified the Almanac of the Mountains
 66980 | Zig:25   | Got a vibrating bone ring
 66983 | Zig:25   | Got a crude lead ring
 67000 | Zig:25   | Identified the ring "Susmufec" {-Tele rC++ rN+ MP+9 Str+3}
                  | (You found it on level 25 of a ziggurat)
 67001 | Zig:25   | Identified the ring "Faimn" {rF+ Str+7 Int+2 Dex-3 Slay+2}
                  | (You found it on level 25 of a ziggurat)
 67010 | Zig:25   | Got a warped ring mail
 67031 | Zig:25   | Identified the +3 ring mail of the Monk {rElec rN++ rCorr
                  | MP-9} (You found it on level 25 of a ziggurat)
 67040 | Zig:25   | Got a fine scimitar
 67075 | Zig:26   | Entered Level 26 of a ziggurat
 67346 | Zig:26   | Learned a level 4 spell: Leda's Liquefaction
 67366 | Zig:26   | Identified the Guide on Earthen Displacement
 67377 | Zig:26   | Got a pitted turquoise ring
 67394 | Zig:26   | Got an ichor-stained buckler
 67405 | Zig:26   | Identified the +0 buckler of Fortitude {*Corrode Str-4
                  | Int+7 Dex+2} (You acquired it on level 26 of a ziggurat)
 67417 | Zig:26   | Identified the ring of the Frog {Str+3 Slay+2} (You found
                  | it on level 26 of a ziggurat)
 67427 | Zig:26   | Got a sparkling marble ring
 67428 | Zig:26   | Identified the ring "Keot Dep" {rPois rF+ Str+5} (You found
                  | it on level 26 of a ziggurat)
 67444 | Zig:26   | Identified the +3 scimitar of the Scavenger {protect,
                  | *Contam Str+7 Dex-2 Stlth+} (You found it on level 25 of a
                  | ziggurat)
 67462 | Zig:26   | Learned a level 8 spell: Controlled Blink
 67466 | Zig:26   | Gained mutation: You are frail. (-10% HP) [mutagenic glow]
 67478 | Zig:26   | Lost mutation: You are frail. (-10% HP) [potion of
                  | mutation]
 67478 | Zig:26   | Lost mutation: You occasionally shout uncontrollably at
                  | your foes. [potion of mutation]
 67478 | Zig:26   | Lost mutation: You are clumsy. (Dex -2) [potion of
                  | mutation]
 67478 | Zig:26   | Lost mutation: Your body sometimes deteriorates upon taking
                  | damage. [potion of mutation]
 67478 | Zig:26   | Gained mutation: Your flesh is very heat resistant. (rF++)
                  | [potion of mutation]
 67478 | Zig:26   | Gained mutation: You tend to lose your temper in combat.
                  | [potion of mutation]
 67478 | Zig:26   | Gained mutation: You are weak. (Str -2) [potion of
                  | mutation]
 67478 | Zig:26   | Gained mutation: Your flesh is almost immune to the effects
                  | of heat. (rF+++) [potion of mutation]
 67479 | Zig:26   | Lost mutation: You tend to lose your temper in combat.
                  | [potion of mutation]
 67479 | Zig:26   | Lost mutation: You are weak. (Str -2) [potion of mutation]
 67479 | Zig:26   | Gained mutation: You have a pair of small horns on your
                  | head. [potion of mutation]
 67479 | Zig:26   | Gained mutation: Armour fits poorly on your strangely
                  | shaped body. [potion of mutation]
 67479 | Zig:26   | Gained mutation: Your spells are a little harder to cast,
                  | but a little more powerful. [potion of mutation]
 67480 | Zig:26   | Lost mutation: You have a pair of small horns on your head.
                  | [potion of mutation]
 67480 | Zig:26   | Lost mutation: Armour fits poorly on your strangely shaped
                  | body. [potion of mutation]
 67480 | Zig:26   | Lost mutation: Your spells are a little harder to cast, but
                  | a little more powerful. [potion of mutation]
 67480 | Zig:26   | Lost mutation: Your flesh is almost immune to the effects
                  | of heat. (rF+++) [potion of mutation]
 67480 | Zig:26   | Gained mutation: Scrolls take you a little longer to read.
                  | [potion of mutation]
 67480 | Zig:26   | Gained mutation: Your muscles are strong. (Str +2) [potion
                  | of mutation]
 67480 | Zig:26   | Gained mutation: You possess an exceptional clarity of
                  | mind. [potion of mutation]
 67481 | Zig:26   | Lost mutation: Scrolls take you a little longer to read.
                  | [potion of mutation]
 67481 | Zig:26   | Lost mutation: You possess an exceptional clarity of mind.
                  | [potion of mutation]
 67481 | Zig:26   | Gained mutation: You are somewhat resistant to further
                  | mutation. [potion of mutation]
 67481 | Zig:26   | Gained mutation: You are partially covered in yellow
                  | scales. (AC +2) [potion of mutation]
 67501 | Zig:27   | Entered Level 27 of a ziggurat
 67532 | Zig:27   | Noticed an ancient lich
 67533 | Zig:27   | Killed an ancient lich
 67540 | Zig:27   | Noticed an ancient lich
 67540 | Zig:27   | Noticed an ancient lich
 67540 | Zig:27   | Noticed an ancient lich
 67540 | Zig:27   | Noticed an ancient lich
 67540 | Zig:27   | Noticed an ancient lich
 67540 | Zig:27   | Noticed an ancient lich
 67541 | Zig:27   | Killed an ancient lich
 67542 | Zig:27   | Killed an ancient lich
 67542 | Zig:27   | Killed an ancient lich
 67542 | Zig:27   | Killed an ancient lich
 67542 | Zig:27   | Killed an ancient lich
 67543 | Zig:27   | Killed an ancient lich
 67684 | Zig:27   | Got a shimmering glass ring
 67689 | Zig:27   | Got a twisted dagger
 67690 | Zig:27   | Identified the +11 dagger "Efurr" {venom, rN+} (You found
                  | it on level 27 of a ziggurat)
 67699 | Zig:27   | Got a fine flail
 67701 | Zig:27   | Identified the +5 flail "Tunigill" {drain, rPois} (You
                  | found it on level 27 of a ziggurat)
 67717 | Zig:27   | Identified the ring of Generosity {rF++ MR+ Str-5 Stlth-}
                  | (You found it on level 27 of a ziggurat)
 67789 | Pan      | Entered Pandemonium
 67815 | Pan      | Found an exit through the horrors of the Abyss.
 68105 | Pan      | Reached skill level 1 in Conjurations
 68376 | Pan      | Noticed Cafanam the pandemonium lord
 68379 | Pan      | Killed Cafanam the pandemonium lord
 68379 | Pan      | Reached skill level 10 in Necromancy
 68490 | Pan      | Noticed Attoe the pandemonium lord
 68761 | Pan      | Killed Attoe the pandemonium lord
 68961 | Depths:3 | Escaped Pandemonium
 68971 | Pan      | Entered Pandemonium
 69112 | Pan      | Noticed Vaujorru the pandemonium lord
 69121 | Pan      | Mangled by Vaujorru the pandemonium lord

Levels and vault maps discovered:
D:1:      lordsloth_arrival_two_stooges, layout_basic
D:2:      layout_basic, okawaru_ov_weapons_minmay,
          chequers_serial_rivers_small_3
D:3:      layout_basic, evilmike_ruin_ashenzari, old_standard_altar,
          serial_corexii_hall, corexii_hall_statues_deadend,
          chequers_hall_statues_corner_a, portal_sewer_entry_d,
          minmay_misc_feat_tower, uniq_terence
D:4:      layout_loops_ring, ebering_ghost_reflecting_pool, grunt_ministairs_4,
          kennysheep_nub
D:5:      layout_gridville, nicolae_qazlal_style_of_elements,
          minmay_temple_entry_junction_2, first_ration, serial_shops, shop,
          nicolae_tso_besieged_by_evil
D:6:      layout_basic, lemuel_doored_altar, nemelex_xobeh_ov_fountains_minmay,
          serial_shops, shop, serial_bayou, serial_bayou_pond_d,
          serial_bayou_crossing, serial_bayou_pond_c, serial_bayou_lake_a
D:7:      layout_loops_cross, nicolae_overflow_crystal_walls, the_bakery
D:8:      statuecave_lemuel, layout_loops_ring, lemuel_coloured_pillars_altar,
          marbit_many_paths
D:9:      layout_loops_cross, nicolae_overflow_hidden_temple,
          hangedman_decor_opposing
D:10:     layout_basic, uniq_grum
D:11:     minmay_the_grid_triangle_9x9_rhombus_thin
          [minmay_the_grid_triangle_9x9_dagger,
          minmay_the_grid_triangle_9x9_prize_schism,
          minmay_the_grid_triangle_9x9_corrupted_corridor,
          minmay_the_grid_triangle_9x9_wacky_v], layout_cave_pools,
          david_lair_generic, serial_shops, nicolae_shop_waterfront,
          uniq_nergalle
D:12:     layout_layer_cave, erik_orc_4
D:13:     layout_loops_ring, serial_shops, shop, minmay_statue_crystal_thing
D:14:     layout_cave_pools, david_vaults_1, enter_bailey_6, serial_shops,
          nicolae_shop_waterfront, fedhas_altar_1
D:15:     grunt_enter_depths_magical_seal, layout_basic, nicolae_benzene_ring,
          elves_outpost_lemuel
Lair:1:   layout_regular_city, minivault_25, lemuel_old_faithful,
          serial_bayou_shore_b, serial_bayou_shore_a, grunt_megastairs_1
Lair:2:   layout_chaotic_city, minmay_lair_oklob_chamber
Lair:3:   layout_loops_ring, guppyfry_snake_entry_island,
          cheibrodos_lair_lostbears, grunt_megastairs_3
Lair:4:   layout_layer_cave, minmay_shoals_entry_centaurs, st_stairs_9
Lair:5:   layout_misc_corridors, dpeg_slime_entry_corner, gammafunk_ghost_arena
Lair:6:   minmay_lair_end_frog_pond, layout_long_grid,
          chequers_serial_rivers_room_b
Shoals:1: layout_shoals, uniq_nikola
Shoals:2: layout_shoals, serial_shops, shop
Shoals:3: layout_shoals, nicolae_shoals_mertower
Shoals:4: shoals_end_grunt_ice, layout_shoals, serial_shops, shop_fountains
Snake:1:  gammafunk_its_a_trap, layout_basic
Snake:2:  layout_misc_corridors, serial_shops, shop, guppyfry_snake_island
Snake:3:  layout_concentric_octagons, uniq_bai_suzhen, uniq_aizul
Snake:4:  grunt_snake_rune_pools, layout_basic
Slime:1:  layout_caves
Slime:2:  layout_caves
Slime:3:  layout_caves
Slime:4:  layout_caves, cheibrodos_slime_lost_civilization_4
Slime:5
Orc:1:    layout_caves, gammafunk_ghost_smash, portal_ice_cave_entry_ice_beasts
Orc:2:    grunt_orc_gardens, layout_caves, grunt_orc_garden, grunt_orc_garden,
          grunt_orc_garden, grunt_orc_garden, serial_shops, shop
Elf:1:    eino_elf_arrival_altar, layout_loops_corners,
          ebering_ghost_disaster_area, basic_altar, hangedman_elf_disciples
Elf:2:    layout_gridlike, nicolae_rare_books
Elf:3:    minmay_elf_hall_not_hex, layout_gridlike, grunt_megastairs_2
Vaults:1: hangedman_vaults_pinch, nicolae_vaults_big_angled_halls,
          nicolae_vaults_network_quinsquares
          [nicolae_vaults_network_quincunx_subvault,
          nicolae_vaults_network_quincunx_subvault,
          nicolae_vaults_network_quincunx_subvault,
          nicolae_vaults_network_quincunx_subvault], grunt_vaults_trifunnel,
          nicolae_vaults_network_periphery, ontoclasm_vaults_shuriken, v_misc_9,
          hangedman_vaults_stagger, vaults_dpeg_cross, nicolae_vaults_murderbox,
          hangedman_vaults_impose, layout_vaults_big_room
Vaults:2: nicolae_vaults_disjoint_gnomons, vaults_room_fours,
          hangedman_vaults_hat, vaults_room_pool, ontoclasm_vaults_chip,
          minmay_crypt_entry_necro_gods, nicolae_vaults_three_branches,
          vaults_dpeg_hooks, hangedman_vaults_cutoff,
          nicolae_vaults_circle_grid_a, nicolae_vaults_diagonal_hallway_8,
          st_lattice, nicolae_vaults_shelves_hall, layout_vaults_maze,
          serial_shops, shop
Vaults:3: hangedman_vaults_unwind, vaults_room_pools, hangedman_vaults_capsules,
          hangedman_vaults_impose, hangedman_vaults_trim,
          ontoclasm_vaults_ring_small, st_quartered_hall, vaults_mumra_hex,
          v_misc_3, nicolae_vaults_little_squares_2, v_misc_9,
          ontoclasm_vaults_gateway, layout_vaults_omnigrid, uniq_frederick
Vaults:4: v_pattern_3, vaults_mumra_minichess, vaults_room_door_hall,
          ontoclasm_vaults_ligature, nicolae_vaults_little_squares_5,
          hangedman_vaults_nails, v_misc_17, v_misc_5, hangedman_vaults_stream,
          grunt_vaults_hallway_short, st_cross, v_misc_24,
          nicolae_vaults_shelves_hall, nicolae_vaults_angled_halls,
          nicolae_vaults_little_squares_3, layout_vaults_omnicross
Vaults:5: serial_shops
Depths:1: layout_forbidden_donut, enter_ziggurat_b, abyss_entry, serial_glass,
          glass_columns_a, glass_columns_a, minmay_misc_feat_four_crosses,
          hell_entry, mu_enter_wizlab_4, kennysheep_small_square
Depths:2: hangedman_crystal_crosses_colossus [crystal_crosses_arms_four,
          crystal_crosses_arms_two, crystal_crosses_arms_two,
          crystal_crosses_arms_one], hell_entry, abyss_entry
Depths:3: kennysheep_water_balloons, layout_gridlike, abandoned_shop, pan_entry,
          serial_curves, eino_curves_02, eino_curves_02,
          grunt_hell_entry_dis_old, minmay_misc_feat_ornament
Depths:4: grunt_crosshair, layout_cave_pools, minmay_room_of_horrors,
          grunt_decor_arrowhead, hell_entry, minivault_16,
          minmay_staircase_bubble
Depths:5: grunt_twist_and_shout, layout_cave_pools, pf_hell_entry_great_geh,
          nrook_uturn, serial_shops, shop_statue, pan_entry
Pan:      rand_demon_4, layout_basic, nicolae_pan_strange_glyphs
          [nicolae_pan_strange_glyph_disappointment,
          nicolae_pan_strange_glyph_fear, nicolae_pan_strange_glyph_angst],
          evilmike_mini_pan_pillars_b, layout_long_grid, rand_demon_4,
          layout_small_grid

Skill      XL: |  1  2  3  4  5  6  7  8  9 10 11 12 13 14 15 16 17 18 19 20 21 22 23 24 25 26 27 |
---------------+----------------------------------------------------------------------------------+-----
Spellcasting   | 2 3 4 5 6 7 9 10 12 13 14 15 16 17 18 20 21 22 26 | 26.4
Earth Magic    | 3 4 5 7 8 10 11 13 15 17 19 21 23 24 25 26 | 26.0
Shields        | 5 14 | 14.2
Fighting       | 3 10 14 15 23 | 23.6
Necromancy     | 2 5 7 10 | 10.3
Armour         | 4 7 11 13 15 16 17 18 | 18.8
Charms         | 5 8 10 11 12 | 12.0
Dodging        | 3 9 |  9.5
Translocations | 19 | 19.7
Conjurations   | 3 |  3.2
Stealth        | |  1.7
Transmutations | |  0.8

Action                   |  1- 3 |  4- 6 |  7- 9 | 10-12 | 13-15 | 16-18 | 19-21 | 22-24 | 25-27 || total
-------------------------+-------+-------+-------+-------+-------+-------+-------+-------+-------++-------
Melee: Unarmed           |    11 |       |       |       |       |       |       |       |       ||    11
       Short sword       |    52 |       |       |       |       |       |       |       |       ||    52
       Mace              |    14 |    39 |       |       |       |       |       |       |       ||    53
       Hand axe          |       |   110 |   339 |       |       |       |       |       |       ||   449
       Long sword        |       |       |    11 |   157 |       |       |       |       |       ||   168
       Eudemon blade     |       |       |       |    81 |       |       |       |       |       ||    81
       Staff             |       |       |       |    16 |   183 |    37 |    61 |    96 |    90 ||   483
Throw: Stone             |       |       |       |       |     1 |     1 |       |     4 |       ||     6
 Cast: Sandblast         |    36 |    38 |    59 |   110 |   283 |    85 |    70 |    71 |   114 ||   866
       Lee's Rapid Decon |       |     5 |    20 |    81 |   199 |    95 |    96 |   147 |    13 ||   656
       Stone Arrow       |       |       |    48 |    48 |   310 |    37 |     8 |    25 |    58 ||   534
       Petrify           |       |       |     3 |     6 |    13 |     3 |       |     7 |     1 ||    33
       Passwall          |       |       |     1 |     1 |     2 |       |       |       |       ||     4
       Shatter           |       |       |       |       |    13 |   184 |   146 |   161 |   337 ||   841
       Sublimation of Bl |       |       |       |       |       |    10 |    24 |    31 |   117 ||   182
       Bolt of Draining  |       |       |       |       |       |     4 |     9 |       |     4 ||    17
       Deflect Missiles  |       |       |       |       |       |       |       |     1 |     8 ||     9
       Regeneration      |       |       |       |       |       |       |       |       |    38 ||    38
       Iron Shot         |       |       |       |       |       |       |       |       |    40 ||    40
       Shroud of Golubri |       |       |       |       |       |       |       |       |    37 ||    37
       Controlled Blink  |       |       |       |       |       |       |       |       |     5 ||     5
       Blink             |       |       |       |       |       |       |       |       |     5 ||     5
 Abil: Evoke Blink       |       |       |       |       |     2 |       |       |     3 |       ||     5
Evoke: Wand              |       |       |       |     4 |    35 |     7 |     2 |    11 |     5 ||    64
       Sack of spiders   |       |       |       |       |     5 |       |       |     6 |    26 ||    37
       Box of beasts     |       |       |       |       |     1 |       |       |     1 |     4 ||     6
       Phial of floods   |       |       |       |       |     1 |       |       |     1 |       ||     2
       Lightning rod     |       |       |       |       |       |     5 |       |       |     6 ||    11
       Phantom mirror    |       |       |       |       |       |       |       |       |     1 ||     1
  Use: Potion            |       |     3 |     2 |       |     8 |     1 |       |     1 |    40 ||    55
       Scroll            |       |     6 |     7 |    19 |    27 |    10 |     7 |    17 |    51 ||   144
 Stab: Sleeping          |     6 |     5 |     4 |       |       |       |     1 |       |       ||    16
       Distracted        |       |       |       |       |       |     1 |       |       |       ||     1
  Eat: Chunk             |     2 |     4 |    12 |    21 |    22 |    20 |    50 |     9 |     1 ||   141
       Ration            |       |     2 |     5 |     2 |    11 |    30 |    10 |     8 |    13 ||    81
Armor: Robe              |    17 |    52 |    49 |       |       |       |       |       |       ||   118
       Skin              |       |     8 |       |       |       |       |       |       |       ||     8
       Leather armour    |       |       |    84 |       |       |       |       |       |       ||    84
       Scale mail        |       |       |     2 |   116 |       |       |       |       |       ||   118
       Troll leather arm |       |       |       |    52 |   243 |    54 |    40 |       |       ||   389
       Chain mail        |       |       |       |       |       |       |    33 |   231 |   373 ||   637
Dodge: Dodged            |    74 |   113 |   305 |   308 |   636 |   157 |   108 |   174 |   479 ||  2354
       Deflected         |       |       |       |       |       |       |       |     4 |    68 ||    72
Block: Buckler           |       |       |       |       |       |    28 |    63 |   113 |   230 ||   434
       Rpst.: Long sword |       |       |     6 |    41 |       |       |       |       |       ||    47
       Eudemon blade     |       |       |       |    31 |       |       |       |       |       ||    31
